 Dungeon Crawl Stone Soup version 0.13.0-67-g7ee5eca (webtiles) character file.

186 Lilouch the Firebug (level 3, -1/24 HPs)
             Began as a Mummy Fire Elementalist on Nov 27, 2013.
             Slain by a gnoll
             ... wielding a +0,+0 spear
              (8 damage)
             ... on Level 3 of the Dungeon.
             The game lasted 00:10:55 (2670 turns).

Lilouch the Firebug (Mummy Fire Elementalist)       Turns: 2670, Time: 00:10:55

HP  -1/24        AC  3     Str 11      XL: 3   Next: 94%
MP   4/6         EV 12     Int 15      God:
Gold 121         SH  0     Dex 12      Spells:  1 memorised,  4 levels left

Res.Fire  : x . .   See Invis. : .   f - +0,+1 sling (frost)
Res.Cold  : + . .   Warding    : .   h - +0 robe
Life Prot.: + + +   Conserve   : .   (no shield)
Res.Poison: +       Res.Corr.  : .   (no helmet)
Res.Elec. : .       Clarity    : .   (no cloak)
Sust.Abil.: . .     Spirit.Shd : .   c - +0 pair of orc gloves
Res.Mut.  : .       Stasis     : .   (no boots)
Res.Rott. : +       Flight     : .   (no amulet)
Saprovore : . . .                    (no ring)
                                     (no ring)

@: very slightly contaminated, slightly resistant to hostile enchantments,
unstealthy
A: no food or potions, fire vulnerability, restore body, cold resistance 1, life
protection 3, poison resistance, torment resistance, unbreathing
a: no special abilities


You were on level 3 of the Dungeon.
You were not hungry.

You visited 1 branch of the dungeon, and saw 3 of its levels.

You collected 101 gold pieces.

Inventory:

Hand weapons
 f - a +0,+1 sling of frost (weapon)
 j - a +0,+1 dwarven dagger
 n - a +3,+0 elven dagger
 q - a -1,+1 orcish dagger
Missiles
 g - 12 stones (quivered)
 k - 8 poisoned needles
 m - 4 needles of slowing
 p - 15 sling bullets
Armour
 c - a +0 pair of orcish gloves (worn)
 h - a +0 robe (worn)
Magical devices
 r - a wand of paralysis (14)
Scrolls
 a - a scroll of curse armour {unknown}
 d - 2 scrolls of enchant weapon I {unknown}
 e - 2 scrolls of blinking {unknown}
 i - 3 scrolls of remove curse {unknown}
 l - 2 scrolls of identify {unknown}
 o - 2 scrolls of fear {unknown}
Books
 b - a book of Flames

   Spells                             Type                      Level
   *Flame Tongue                      Conjuration/Fire             1
   Throw Flame                        Conjuration/Fire             2
   Conjure Flame                      Conjuration/Fire             3
   Inner Flame                        Hexes/Fire                   3
   Sticky Flame                       Conjuration/Fire             4
   Fireball                           Conjuration/Fire             5


   Skills:
 - Level 1.5 Dodging
 - Level 1.5 Stealth
 + Level 1.6 Spellcasting
 + Level 1.5 Conjurations
 * Level 3.4 Fire Magic


You had 4 spell levels left.
You knew the following spells:

 Your Spells              Type           Power        Failure   Level  Hunger
a - Flame Tongue          Conj/Fire      #....        12%         1    N/A

Dungeon Overview and Level Annotations

Branches:
Dungeon (3/27)

Altars:


Innate Abilities, Weirdness & Mutations

You do not eat or drink.
Your flesh is vulnerable to fire.
Your flesh is cold resistant.
You are immune to negative energy.
Your system is resistant to poisons.
You are immune to unholy pain and torment.
You can survive without breathing.


Message History

You shoot a stone. The stone of frost hits the gnoll.
You kill the gnoll!
The gnoll hits you from afar with a spear.
* * * LOW HITPOINT WARNING * * *
Firing (i - inventory. (,) - cycle):
g - 14 stones (quivered)
Press: ? - help, Shift-Dir - straight line, f - gnoll
Aim: a gnoll, wielding a spear and wearing an animal skin (lightly wounded)
You shoot a stone. The stone of frost misses the gnoll.
The gnoll hits you from afar with a spear.
* * * LOW HITPOINT WARNING * * *
The gnoll throws a spear.
The spear misses you.
Firing (i - inventory. (,) - cycle):
g - 13 stones (quivered)
Press: ? - help, Shift-Dir - straight line, f/p - gnoll
Aim: a gnoll, wielding a spear and wearing an animal skin (lightly wounded)
You shoot a stone. The stone of frost hits the gnoll.
The gnoll is moderately wounded.
A bat comes into view.
There is a stone staircase leading up here.
The gnoll hits you from afar with a spear!
You die...

. #.. ..# ###.. #.# ......
#.#####.....# #.#..@#.....#
##### #.#...#.....# .(..#
#####.#g..#.....### ....#
#.g.........##.....#
....####'###.#.#.......# .##
...........gb#.........##....
.......g.PP#.###.#..........
.....P..♣..#.###.........##
...PPPP♣♣........###.#.#.#


You could see 2 gnolls and a bat.

Vanquished Creatures
  2 gnolls (D:3)
  A giant gecko (D:1)
  An ooze (D:1)
  3 orcs (D:3)
  6 bats
  4 giant cockroaches
  7 jackals (D:1)
  A ball python (D:3)
  2 giant newts
  4 goblins
  4 kobolds
  A quokka (D:2)
  4 rats
  A bush (D:3)
41 creatures vanquished.

Notes
Turn   | Place    | Note
--------------------------------------------------------------
     0 | D:1      | Lilouch, the Mummy Fire Elementalist, began the quest for the Orb.
     0 | D:1      | Reached XP level 1. HP: 13/13 MP: 3/3
   195 | D:1      | Reached skill level 1 in Conjurations
   371 | D:1      | Reached XP level 2. HP: 13/19 MP: 1/4
   991 | D:1      | Reached skill level 3 in Fire Magic
  1563 | D:2      | Reached XP level 3. HP: 24/24 MP: 4/6
  2141 | D:3      | Paralysed by you for 3 turns
  2670 | D:3      | Slain by a gnoll

Action                   || total
-------------------------++-------
Melee: Unarmed           ||     5
       Dagger            ||   259
       Sling             ||    40
 Fire: Sling             ||    70
Throw: Stone             ||     2
 Cast: Flame Tongue      ||    86
Evoke: Wand              ||     1
